 Dungeon Crawl Stone Soup version 0.21.0-3-g78d12a8 (webtiles) character file.

212 MTVSty1e the Cudgeler (level 5, 0/30 HPs)
             Began as a Gargoyle Gladiator on Jan 15, 2018.
             Slain by an orc priest
             ... wielding a +0 short sword
              (2 damage)
             ... on level 3 of the Dungeon.
             The game lasted 00:01:53 (2392 turns).

MTVSty1e the Cudgeler (Gargoyle Gladiator)          Turns: 2392, Time: 00:01:53

Health: 0/30       AC:  8    Str: 19    XL:     5   Next: 90%
Magic:  5/5        EV: 15    Int:  8    God:
Gold:   125        SH:  0    Dex: 11    Spells: 4/4 levels left

rFire    . . .     SeeInvis .   a - +0 flail
rCold    . . .     Gourm    +   (no shield)
rNeg     + . .     Faith    .   b - +0 leather armour
rPois    ∞         Spirit   .   c - +0 helmet
rElec    +         Reflect  .   (no cloak)
rCorr    .         Harm     .   (no gloves)
MR       .....                  (no boots)
Stlth    +.........             g - amulet of the gourmand
HPRegen  0.10/turn              m - +3 ring of evasion
MPRegen  0.09/turn              (no ring)

@: no status effects
A: negative energy resistance 1, electricity resistance, unbreathing,
petrification resistance, rot immunity, AC +4
a: no special abilities


You were on level 3 of the Dungeon.
You were full.

You visited 1 branch of the dungeon, and saw 3 of its levels.

You collected 125 gold pieces.

Inventory:

Hand Weapons
 a - a +0 flail (weapon)
Missiles
 d - 4 throwing nets (quivered)
Armour
 b - a +0 leather armour (worn)
 c - a +0 helmet (worn)
Jewellery
 g - an amulet of the gourmand (around neck)
 m - a +3 ring of evasion (left hand)
Wands
 n - a wand of polymorph (7)
Scrolls
 e - 3 scrolls of remove curse {unknown}
 h - a scroll of magic mapping {unknown}
 i - a scroll of immolation {unknown}
 k - 3 scrolls of identify {unknown}
 r - a scroll of enchant weapon {unknown}
 s - a scroll of teleportation {unknown}
Potions
 j - a potion of degeneration {unknown}
 l - 2 potions of brilliance {unknown}
 o - 3 potions of flight {unknown}
 p - 2 potions of agility {unknown}
 q - a potion of curing {unknown}
Comestibles
 f - 5 rations


   Skills:
 - Level 2.1 Fighting
 + Level 6.4 Maces & Flails
 - Level 1.7 Throwing
 - Level 2.4 Dodging


You had 4 spell levels left.
You didn't know any spells.

Dungeon Overview and Level Annotations

Branches:
Dungeon (3/15)

Altars:


Innate Abilities, Weirdness & Mutations

You are resistant to torment.
Your stone body is resilient. (AC +4)
You are immune to poison.
You resist negative energy. (rN+)
You are resistant to electric shocks. (rElec)
You can survive without breathing.
You are immune to petrification.
You are immune to rotting.


Message History

* * * LOW HITPOINT WARNING * * *
The orc hits you.
* * * LOW HITPOINT WARNING * * *
You closely miss the orc priest. The orc hits you but does no damage.
You hit the orc.
The orc is severely wounded.
The orc priest completely misses you. The orc closely misses you.
The orc hits you but does no damage.
The orc priest miscasts a cantrip.
You hit the orc.
You kill the orc!
The orc misses you. The orc priest closely misses you.
You closely miss the orc priest. The orc hits you but does no damage.
The orc priest barely misses you.
You barely miss the orc priest. The orc barely misses you.
The orc priest hits you with a short sword.
* * * LOW HITPOINT WARNING * * *
You barely miss the orc priest. The orc closely misses you.
The orc priest hits you with a short sword.
You die...

#(# #............
#.###.#.#########
#.....#.# ###.###.#
.# ###.# #># .#
....# #.# .# .####
#.# ####.# .# #.#
#o)..#
.######.#####
#@#).#
............# #.o.#
.######.....# ##.##
.# ####>.# #.# .#
#..# #)# .# #..#
#.# .# #..# #.#
.####### #..# #.#
.....<.###..#####.#


You could see an orc priest and an orc.

Vanquished Creatures
  An orc wizard (D:3)
  An orc priest (D:3)
  3 gnolls (D:2)
  6 adders (D:2)
  3 worms
  A dart slug (D:2)
  A leopard gecko (D:1)
  6 orcs
  3 ball pythons
  A giant cockroach (D:1)
  8 hobgoblins
  6 jackals
  2 bats (D:2)
  2 frilled lizards (D:2)
  3 goblins
  5 kobolds
  7 rats
59 creatures vanquished.

Notes
Turn   | Place    | Note
-------+----------+-------------------------------------------
     0 | D:1      | MTVSty1e the Gargoyle Gladiator began the quest for the Orb.
     0 | D:1      | Reached XP level 1. HP: 12/12 MP: 1/1
    39 | D:1      | Reached XP level 2. HP: 15/17 MP: 2/2
   775 | D:1      | Reached skill level 4 in Maces & Flails
  1135 | D:2      | Reached XP level 3. HP: 12/21 MP: 3/3
  1150 | D:2      | Reached XP level 4. HP: 3/26 MP: 4/4
  1327 | D:2      | Reached skill level 5 in Maces & Flails
  1853 | D:2      | Reached XP level 5. HP: 30/30 MP: 5/5
  2144 | D:3      | Reached skill level 6 in Maces & Flails
  2392 | D:3      | Slain by an orc priest

Skill      XL: |  1  2  3  4  5 |
---------------+----------------+-----
Maces & Flails | 4 5 6 |  6.4
Fighting       | |  2.1
Throwing       | |  1.7
Dodging        | |  2.4

Action                   |  1- 3 |  4- 6 || total
-------------------------+-------+-------++-------
Melee: Flail             |    76 |   148 ||   224
 Stab: Sleeping          |       |     1 ||     1
  Eat: Chunk             |       |    10 ||    10
Armor: Leather armour    |    26 |    49 ||    75
Dodge: Dodged            |    71 |   100 ||   171
